 Dungeon Crawl Stone Soup version 0.20.1-1-g8b1a95d (webtiles) character file.

3059 letownia2 the Reanimator (level 9, 37/78 HPs)
             Began as a Deep Dwarf Necromancer on Dec 15, 2017.
             Was an Initiate of Gozag.
             Quit the game on level 7 of the Dungeon.
             The game lasted 00:27:13 (7512 turns).

letownia2 the Reanimator (Deep Dwarf Necromancer)   Turns: 7512, Time: 00:27:14

Health: 37/78      AC:  7    Str: 13    XL:     9   Next: 57%
Magic:  30/30      EV: 11    Int: 18    God:    Gozag
Gold:   463        SH:  0    Dex: 13    Spells: 21/25 levels left

rFire    . . .     SeeInvis .   a - +1 dagger (venom)
rCold    . . .     Gourm    .   (no shield)
rNeg     . . .     Faith    .   m - +0 ring mail
rPois    .         Spirit   .   e - +1 helmet
rElec    .         Reflect  .   (no cloak)
rCorr    .         Harm     .   (no gloves)
MR       +....                  (no boots)
Stlth    +.........             (no amulet)
Regen    0.0/turn               y - ring of magical power
MPRegen  0.3/turn               (no ring)

@: non-regenerating
A: damage resistance, heal wounds, sense surroundings 2, no regeneration
a: Heal Wounds, Potion Petition, Call Merchant, Bribe Branch, Renounce Religion


You were on level 7 of the Dungeon.
You worshipped Gozag.
Gozag was aware of your devotion.
You were not hungry.

You visited 2 branches of the dungeon, and saw 8 of its levels.

You collected 968 gold pieces.
You paid 505 gold pieces to Gozag.

Inventory:

Hand Weapons
 a - a +1 dagger of venom (weapon)
 b - a +0 flail of holy wrath
 d - the +2 hand crossbow "Mohecragg" {flame, *Corrode rElec rN++ Str+4}
   (You found it on level 7 of the Dungeon)

   It causes projectiles fired from it to burn those they strike, causing extra
   injury to most foes and up to half again as much damage against particularly
   susceptible opponents.
   It affects your strength (+4).
   It insulates you from electricity.
   It greatly protects you from negative energy.
   It may corrode you when you take damage.
 I - a +1 war axe
 U - a +0 whip of flaming
Missiles
 j - 26 bolts
 C - a throwing net (quivered)
 H - 12 javelins
Armour
 e - a +1 helmet (worn)
 m - a +0 ring mail (worn)
 J - a +0 buckler
Magical Staves
 u - an uncursed staff of poison
Jewellery
 y - a ring of magical power (left hand)
Wands
 n - a wand of flame (13/48)
 q - a wand of clouds (6/9)
 t - a wand of flame (23/48)
 w - a wand of lightning (9/15)
 A - a wand of digging (13/24)
 D - a wand of flame (18/48)
Scrolls
 f - a scroll of teleportation {unknown}
 i - 3 scrolls of identify
 s - a scroll of remove curse
 x - a scroll of enchant armour
 E - 3 scrolls of amnesia
 L - a scroll of recharging {unknown}
 P - a scroll of magic mapping {unknown}
 Q - a scroll of immolation {unknown}
 R - a scroll of enchant weapon
Potions
 h - 2 potions of ambrosia
 k - a potion of heal wounds
 o - 2 potions of magic {unknown}
 z - 2 potions of flight {unknown}
 F - 3 potions of lignification {unknown}
 N - a potion of might
 O - a potion of cancellation
 S - a potion of mutation
 T - a potion of invisibility
Books
 r - a book of Callings

   Spells                             Type                      Level
   a - Summon Small Mammal            Summoning                    1
   b - Call Imp                       Summoning                    2
   c - Call Canine Familiar           Summoning                    3
   d - Summon Guardian Golem          Hexes/Summoning              3
   e - Summon Lightning Spire         Summoning/Air                4
   f - Summon Ice Beast               Ice/Summoning                4
 v - a book of Unlife

   Spells                             Type                      Level
   a - Recall                         Summoning/Translocation      3
   b - Animate Dead                   Necromancy                   4
   c - Control Undead                 Necromancy                   4
   d - Cigotuvi's Embrace             Necromancy                   5
   e - Death Channel                  Necromancy                   6
   f - Simulacrum                     Ice/Necromancy               6
 G - a book of Necromancy

   Spells                             Type                      Level
   a - Pain                           Necromancy                   1
   b - Animate Skeleton               Necromancy                   1
   c - Vampiric Draining              Necromancy                   3
   d - Regeneration                   Charms/Necromancy            3
   e - Animate Dead                   Necromancy                   4
   f - Control Undead                 Necromancy                   4
Comestibles
 c - 3 bread rations
 g - a royal jelly
 p - 7 meat rations
 M - 2 fruits


   Skills:
 - Level 3.7 Fighting
 - Level 2.8 Armour
 - Level 2.1 Dodging
 - Level 2.4 Stealth
 + Level 8.7 Spellcasting
 - Level 9.1 Necromancy


You had 21 spell levels left.
You knew the following spells:

 Your Spells              Type           Power        Failure   Level  Hunger
a - Pain                  Necr           ####         1%          1    None
v - Vampiric Draining     Necr           #####.....   1%          3    None


Dungeon Overview and Level Annotations

Branches:
Dungeon (7/15)             Temple (1/1) D:6

Altars:
Ashenzari
Cheibriados
Dithmenos
Elyvilon
Fedhas
Gozag
Hepliaklqana
Kikubaaqudgha
Makhleb
Nemelex Xobeh
Okawaru
Qazlal
Ru
Sif Muna
Trog
Uskayaw
Vehumet
Xom
Yredelemnul
Zin
The Shining One

Shops:
D:5 }   D:7 (


Innate Abilities, Weirdness & Mutations

You are resistant to damage.
You can heal yourself by infusing magical energy.
You passively map the area around you.
You do not regenerate.


Message History

You can't see any susceptible monsters within range! (Use Z to cast anyway.)
Casting: Vampiric Draining
Confirm with . or Enter, or press ? or * to list all spells.
You can't see any susceptible monsters within range! (Use Z to cast anyway.)
Casting: Vampiric Draining
Confirm with . or Enter, or press ? or * to list all spells.
You can't see any susceptible monsters within range! (Use Z to cast anyway.)
You now have 463 gold pieces (gained 8).
Put on which piece of jewellery? (? for menu, Esc to quit)
Okay, then.
Wear which item? (? for menu, Esc to quit)
Okay, then.
Magic restored.
You open the door.
There is an open door here.
A killer bee comes into view.
A killer bee is nearby!
A killer bee is nearby!
A killer bee is nearby!
Are you sure you want to abandon this character and quit the game? (Confirm with "yes".)

#..≈≈≈≈.⌠≈≈....*######## #..#.
#..≈.≈≈§≈≈≈.... #......# ##.#.
#....≈##≈##≈...*#......######..#
#.......≈§≈.... #...............
#.......y≈..... #......#######..
##.............. #......# ##.
#.........# #.#. #......# #.
.....#.##.# #...##......# #.
#.##.#.##.# #.@'......# #.
...#.#..#.########......#########
#..#.#..#........................
...#.#<............#.########....
..##.####........#.#.########.###
..##.(...........................
<###############...#.########.###
## #.# #.###.# #.# .##### #.# #.#
#.# #.#


You could see a killer bee (wandering).

Vanquished Creatures
  Pikel (D:5)
  A hornet (D:7)
  Sigmund (D:5)
  A sky beast (D:5)
  2 orc warriors (D:7)
  4 slaves (D:4)
  An ice beast (D:5)
  3 ogres
  2 phantoms
  2 centaurs
  Blork the orc (D:5)
  4 bullfrogs
  A howler monkey (D:4)
  A bullfrog zombie (D:7)
  2 hounds
  A bullfrog skeleton (D:6)
  3 orc priests
  7 orc wizards
  A centaur skeleton (D:6)
  3 iguanas
  Ijyb (D:4)
  3 worker ants
  2 hound skeletons
  6 adders
  11 gnolls
  A shadow imp (D:7)
  An ooze (D:1)
  An adder zombie (D:3)
  4 worms
  4 dart slugs
  6 leopard geckos
  18 orcs
  A ball python (D:3)
  3 giant cockroaches
  13 goblins
  9 hobgoblins
  12 jackals
  2 quokkas
  8 bats
  2 frilled lizards
  2 kobolds
  2 leopard gecko skeletons
  A quokka skeleton (D:4)
  6 rats
161 creatures vanquished.

Notes
Turn   | Place    | Note
-------+----------+-------------------------------------------
     0 | D:1      | letownia2 the Deep Dwarf Necromancer began the quest for the Orb.
     0 | D:1      | Reached XP level 1. HP: 15/15 MP: 3/3
   308 | D:2      | Reached XP level 2. HP: 16/22 MP: 0/5
   543 | D:4      | Reached skill level 5 in Necromancy
   761 | D:4      | Noticed a howler monkey
   769 | D:4      | Killed a howler monkey
   769 | D:4      | Reached XP level 3. HP: 17/28 MP: 0/6
   790 | D:4      | Learned a level 3 spell: Vampiric Draining
   801 | D:4      | Noticed Ijyb
   913 | D:4      | Killed Ijyb
   913 | D:4      | Reached skill level 6 in Necromancy
   913 | D:4      | Reached XP level 4. HP: 12/36 MP: 0/7
  1430 | D:4      | Reached XP level 5. HP: 19/42 MP: 1/8
  1629 | D:4      | Noticed a phantom
  1655 | D:4      | Killed a phantom
  1655 | D:4      | Reached skill level 7 in Necromancy
  1778 | D:3      | Found a basalt altar of Yredelemnul.
  2012 | D:5      | Entered Level 5 of the Dungeon
  2086 | D:5      | Reached XP level 6. HP: 46/49 MP: 4/9
  2150 | D:5      | Found Mixim's Gadget Shoppe.
  2164 | D:5      | Noticed Pikel
  2181 | D:5      | Noticed Blork the orc
  2200 | D:5      | Killed Blork the orc
  2239 | D:5      | Reached skill level 8 in Necromancy
  2269 | D:5      | Noticed a sky beast
  2343 | D:5      | Killed a sky beast
  2428 | D:4      | Reached XP level 7. HP: 51/55 MP: 1/11
  2522 | D:5      | Noticed Sigmund
  2594 | D:5      | Killed Sigmund
  3028 | D:4      | Reached skill level 1 in Armour
  3257 | D:6      | Reached skill level 9 in Necromancy
  3257 | D:6      | Reached XP level 8. HP: 53/69 MP: 4/13
  3344 | D:6      | Found a staircase to the Ecumenical Temple.
  3354 | Temple   | Entered the Ecumenical Temple
  3391 | Temple   | Became a worshipper of Gozag Ym Sagoz the Greedy
  4107 | D:6      | Reached skill level 5 in Spellcasting
  6666 | D:7      | Found a stormy altar of Qazlal.
  6675 | D:7      | Got a fine hand crossbow
  6678 | D:7      | Identified the +2 hand crossbow "Mohecragg" {flame, *Corrode rElec rN++ Str+4} (You found it on level 7 of the Dungeon)
  6779 | D:7      | Gained mutation: You passively map the area around you. [Deep Dwarf growth]
  6779 | D:7      | Reached XP level 9. HP: 49/78 MP: 19/19
  6997 | D:5      | Killed Pikel
  7282 | D:7      | Paralysed by a hornet for 3 turns
  7512 | D:7      | Quit the game

Skill      XL: |  1  2  3  4  5  6  7  8  9 |
---------------+----------------------------+-----
Spellcasting   | 2 3 6 8 |  8.7
Necromancy     | 5 6 7 8 9 |  9.1
Fighting       | 3 |  3.7
Armour         | 2 |  2.8
Dodging        | |  2.1
Stealth        | |  2.4

Action                   |  1- 3 |  4- 6 |  7- 9 || total
-------------------------+-------+-------+-------++-------
Melee: Unarmed           |    20 |       |       ||    20
       Dagger            |     6 |       |   105 ||   111
       Flail             |    13 |    33 |    41 ||    87
 Fire: Hand crossbow     |       |       |    11 ||    11
 Cast: Pain              |    25 |    13 |   176 ||   214
       Vampiric Draining |     1 |    29 |    71 ||   101
Invok: Call Merchant     |       |       |     1 ||     1
Evoke: Wand              |       |     3 |       ||     3
  Use: Scroll            |       |       |    11 ||    11
       Potion            |       |       |     1 ||     1
 Stab: Sleeping          |       |       |     3 ||     3
  Eat: Chunk             |       |     9 |    15 ||    24
       Royal jelly       |       |       |     3 ||     3
       Fruit             |       |       |     1 ||     1
Armor: Robe              |     5 |       |       ||     5
       Ring mail         |     7 |    30 |    88 ||   125
Dodge: Dodged            |    29 |    36 |   105 ||   170
